 Dungeon Crawl Stone Soup version 0.30-a0-924-g0ad0bf95bc (webtiles) character file.

Game seed: 6410408911683588919

156 ZappyNine the Grasshopper (level 5, 0/45 HPs)
             Began as a Ghoul Warper on Mar 22, 2023.
             Slain by a ball python (1 damage)
             ... on level 4 of the Dungeon.
             The game lasted 00:03:02 (2573 turns).

ZappyNine the Grasshopper (Ghoul Warper)            Turns: 2573, Time: 00:03:02

Health: 0/45       AC:  3    Str: 15    XL:     5   Next: 37%
Magic:  7/7        EV: 11    Int: 10    God:
Gold:   147        SH:  0    Dex:  8    Spells: 6/8 levels left

rFire   . . .      SeeInvis .      - Unarmed
rCold   + . .      Faith    .    (no shield)
rNeg    + + +      Spirit   .    a - +0 leather armour
rPois   ∞          Reflect  .    (no helmet)
rElec   .          Rampage  .    (no cloak)
rCorr   .                        (no gloves)
Will    .....                    (no boots)
Stlth   +                        (no amulet)
HPRegen 0.00/turn                (no ring)
MPRegen 0.10/turn                (no ring)

@: inhibited regen
A: claws 1, cold resistance 1, negative energy resistance 3, inhibited
regeneration, torment resistance 2, devour on kill
a: no special abilities


You were on level 4 of the Dungeon.
You visited 1 branch of the dungeon, and saw 4 of its levels.

You collected 147 gold pieces.

Inventory:

Missiles
 c - 7 boomerangs of dispersal (quivered)
Armour
 a - a +0 leather armour (worn)
Wands
 g - a wand of polymorph (10)
 j - a wand of mindburst (14)
Scrolls
 b - 2 scrolls of blinking
 d - a scroll of torment {unknown}
 e - a scroll of enchant armour {unknown}
 f - a scroll of magic mapping {unknown}
 n - a scroll of teleportation {unknown}
 o - a scroll of amnesia {unknown}
 q - a scroll of fog {unknown}
Potions
 h - a potion of degeneration {unknown}
 i - a potion of resistance {unknown}
 k - a potion of brilliance {unknown}
 l - a potion of heal wounds {unknown}
 m - 3 potions of curing {unknown}
 p - a potion of haste {unknown}


   Skills:
 + Level 3.2 Fighting
 - Level 0.8 Throwing
 + Level 2.0 Armour
 - Level 2.2 Dodging
 + Level 3.1 Unarmed Combat
 + Level 2.4 Spellcasting
 + Level 3.3 Translocations


You had 6 spell levels left.
You knew the following spells:

 Your Spells              Type           Power      Damage    Failure   Level
a - Blink                 Tloc           14%        N/A       14%         2

Your spell library contained the following spells:

 Spells                   Type           Power      Damage    Failure   Level
 Lesser Beckoning         Tloc           14%        N/A       14%         2
 Teleport Other           Tloc           7%         N/A       28%         3
 Magic Dart               Conj           4%         1d3       36%         1
 Vhi's Electric Charge    Tloc/Air       8%         N/A       50%         3
 Manifold Assault         Tloc           7%         N/A       67%         4
 Animate Dead             Necr           1%         N/A       98%         4
 Borgnjor's Vile Clutch   Necr/Erth      0%         N/A       100%        5
 Death Channel            Necr           0%         N/A       100%        6


Dungeon Overview and Level Annotations

Branches:
Dungeon (4/15)
 Temple: D:4-7

Altars:
Kikubaaqudgha
Sif Muna
Vehumet


Innate Abilities, Weirdness & Mutations

You are immune to poison.
You have sharp fingernails.
Your flesh is cold resistant. (rC+)
You are immune to negative energy. (rN+++)
You do not regenerate when monsters are visible.
You are immune to unholy pain and torment.
You thrive by killing the living.


Message History

The ogre is lightly wounded.
The ogre closely misses you.
You scratch the ogre.
The ogre is moderately wounded.
The ogre hits you with a +0 giant spiked club!
You barely miss the ogre.
The ogre is moderately wounded.
You completely miss the ogre.
The ogre is moderately wounded.
The ogre hits you with a +0 giant spiked club!
* * * LOW HITPOINT WARNING * * *
Unknown command.
Casting: Blink (safe; 14% risk of failure)
Confirm with . or Enter, or press ? or * to list all spells.
You blink.
Unknown command.
There is a stone staircase leading down here.
You feel stable enough to blink again.
A ball python comes into view.
The ball python hisses angrily.
The ogre closely misses you.
The ball python attacks as you move away!
The ball python bites you but does no damage.
The ball python misses you.
The ball python attacks as you move away!
The ball python closely misses you. x2
The ball python bites you but does no damage.
The ball python closely misses you.
The ball python attacks as you move away!
The ball python closely misses you.
The ball python attacks as you move away!
The ball python bites you but does no damage.
The ball python barely misses you.
The ball python bites you but does no damage.
The ball python barely misses you.
The ball python attacks as you move away!
The ball python closely misses you. x2
The ball python attacks as you move away!
The ball python bites you.
You die...

.#
##.......#
.##
#####...##
..# ###..#
#.# ##.##
...# #..#
...# ##.##
... #..# ...
##.## ...
#.@# .. ##S#
.. #.## .
##O# #.## ..
#..### ...
##....## ...
#####
##..##..#
...###.[.###
##..######


You could see an ogre and a ball python.

Vanquished Creatures
  A scorpion (D:4)
  3 adders
  A worm (D:2)
  A dart slug (D:1)
  4 ball pythons
  3 bats
  12 endoplasms
  3 giant cockroaches
  8 goblins
  4 hobgoblins
  4 jackals (D:1)
  A quokka (D:2)
  7 frilled lizards
  4 kobolds
  2 rats (D:1)
58 creatures vanquished.

Notes
Turn   | Place    | Note
-------+----------+-------------------------------------------
     0 | D:1      | ZappyNine the Ghoul Warper began the quest for the Orb.
     0 | D:1      | Reached XP level 1. HP: 17/17 MP: 2/2
    93 | D:1      | Reached skill level 1 in Armour
   103 | D:1      | Reached XP level 2. HP: 25/25 MP: 3/3
   401 | D:1      | Reached XP level 3. HP: 26/30 MP: 4/4
   675 | D:1      | Found a faded altar of an unknown god.
  1194 | D:2      | Learned a level 2 spell: Blink
  1465 | D:2      | Reached XP level 4. HP: 37/37 MP: 6/6
  2161 | D:3      | Found a radiant altar of Vehumet.
  2161 | D:3      | Found an ancient bone altar of Kikubaaqudgha.
  2162 | D:3      | Found a shimmering blue altar of Sif Muna.
  2190 | D:3      | Got Vehumet's Incunable of Impulse
  2521 | D:4      | Noticed a scorpion
  2524 | D:4      | Noticed an ogre
  2534 | D:4      | Killed a scorpion
  2535 | D:4      | Reached XP level 5. HP: 26/45 MP: 7/7
  2541 | D:4      | HP: 1/45 [ogre/+0 giant spiked club (14)]
  2573 | D:4      | Slain by a ball python

Illustrated notes

Levels and vault maps discovered:
D:1:      dpeg_arrival_central, layout_loops_cross, basic_ecumenical_altar
D:2:      layout_loops_ring, grunt_decor_resistance,
          chequers_serial_rivers_large_a, kennysheep_another_room,
          minmay_indecisive_spiral
D:3:      layout_basic, grunt_temple_overflow_magic_moments,
          hangedman_feature_mirror, amcnicky_mini_pool_small
D:4:      layout_cave_pods, serial_park, serial_park_paths
          [serial_park_minivault_5x5_6], serial_park_tiny_1, serial_park_gazebo
          [serial_park_minivault_5x5_1], serial_park_tiny_1, serial_park_square3
          [serial_park_minivault_5x5_3]

Skill      XL: |  1  2  3  4 |
---------------+-------------+-----
Armour         | 1 2 |  2.0
Dodging        | 2 |  2.2
Spellcasting   | 2 |  2.4
Translocations | 3 |  3.3
Fighting       | 3 |  3.2
Unarmed Combat | 3 |  3.1
Throwing       | |  0.8

Action                     |  1- 3 |  4- 6 || total
---------------------------+-------+-------++-------
  Melee: Unarmed           |   125 |    88 ||   213
         Punch             |     4 |     4 ||     8
   Cast: Blink             |       |     1 ||     1
 Armour: Leather armour    |    26 |    29 ||    55
  Dodge: Dodged            |    63 |    60 ||   123

Table legend: (Time is in decaauts)
 A = Elapsed time spent in this place.
 B = Non-inter-level travel time spent in this place.
 C = Inter-level travel time spent in this place.
 D = Time resting spent in this place.
 E = Time spent auto-exploring this place.
 F = Levels seen in this place.
 G = Mean time per level.
                   A        B        C        D        E       F      G
               +--------+--------+--------+--------+--------+-----+--------+
         Total |   2576 |   2465 |    111 |     68 |   1952 |   4 |  644.0 |
       Dungeon |   2576 |   2465 |    111 |     68 |   1952 |   4 |  644.0 |
               +--------+--------+--------+--------+--------+-----+--------+

Top non-repeatable levels by time:
     D:1: 945 daAuts
     D:2: 804 daAuts
     D:3: 694 daAuts
     D:4: 132 daAuts
